 Dungeon Crawl Stone Soup version 0.29-a0-275-g389c0b56f3 (webtiles) character file.

Game seed: 17441177664436001024

27 Formlaus the Skirmisher (level 2, -3/28 HPs)
             Began as a Minotaur Berserker on Mar 12, 2022.
             Was a Believer of Trog.
             Succumbed to a kobold's poison
             ... on level 2 of the Dungeon.
             The game lasted 00:02:48 (1519 turns).

Formlaus the Skirmisher (Minotaur Berserker)        Turns: 1519, Time: 00:02:49

Health: -3/28      AC:  2    Str: 21    XL:     2   Next: 93%
Magic:  1/1        EV: 12    Int:  4    God:    Trog [**....]
Gold:   35         SH:  0    Dex:  9    Spells: 1/1 levels left

rFire   . . .      SeeInvis .   a - +0 mace
rCold   . . .      Faith    .   (no shield)
rNeg    . . .      Spirit   .   b - +0 animal skin
rPois   .          Reflect  .   (helmet restricted)
rElec   .          Harm     .   (no cloak)
rCorr   .          Rampage  .   (no gloves)
Will    .....                   (no boots)
Stlth   +.........              (no amulet)
HPRegen 0.09/turn               (no ring)
MPRegen 0.07/turn               (no ring)

@: lethally poisoned (-3 -> -20)
A: horns 2, retaliatory headbutt
a: Renounce Religion, Berserk, Trog's Hand


You were on level 2 of the Dungeon.
You worshipped Trog.
Trog was pleased with you.
You visited 1 branch of the dungeon, and saw 2 of its levels.

You collected 35 gold pieces.

Inventory:

Hand Weapons
 a - a +0 mace (weapon)
Armour
 b - a +0 animal skin (worn)
Scrolls
 f - 3 scrolls of blinking {unknown}
 g - 2 scrolls of teleportation {unknown}
 i - a scroll of magic mapping {unknown}
Potions
 c - a potion of haste {unknown}
 d - 2 potions of berserk rage {unknown}
 e - a potion of mutation {unknown}
 h - 2 potions of cancellation {unknown}


   Skills:
 + Level 4.3 Fighting
 + Level 4.2 Maces & Flails
 + Level 2.5 Armour
 + Level 2.3 Dodging
 + Level 0.1 Stealth


You had one spell level left.
You didn't know any spells.
Your spell library was empty.

Dungeon Overview and Level Annotations

Branches:
Dungeon (2/15)

Altars:

Shops:
D:1 [


Innate Abilities, Weirdness & Mutations

You have a pair of horns on your head.
You reflexively headbutt those who attack you in melee.


Message History

A ball python comes into view.
You closely miss the hobgoblin.
The ball python hisses angrily.
A kobold comes into view. It is wielding a +2 dagger of venom.
The hobgoblin closely misses you.
The kobold shouts!
You hit the hobgoblin.
The hobgoblin is severely wounded.
The hobgoblin closely misses you. You furiously retaliate!
You headbutt the hobgoblin!
You kill the hobgoblin!
Trog accepts your kill.
You see here a hobgoblin corpse.
You thump the ball python!
You kill the ball python!
Trog accepts your kill.
The kobold hits you with a +2 dagger of venom.
Found 32 stones.
The kobold hits you with a +2 dagger of venom.
You are poisoned.
You miss the kobold. Your headbutt misses the kobold.
You feel very sick. The kobold closely misses you.
You barely miss the kobold. Your headbutt misses the kobold.
You feel very sick.
The kobold hits you with a +2 dagger of venom.
You are lethally poisoned!
You closely miss the kobold.
You feel very sick. The kobold misses you.
You closely miss the kobold.
* * * LOW HITPOINT WARNING * * *
You feel very sick.
The kobold hits you with a +2 dagger of venom.
* * * LOW HITPOINT WARNING * * *
You are more poisoned.
You sock the kobold!
You kill the kobold!
Trog accepts your kill.
You die...

.....######## ..#.
.....#......##....
..............$...
.................#
.............[....
#.......!........# ##..
#...)..†......##.....
#...@.†..............
##.....?..(..........
.#.....$.....##.....
..............##..###
.....................##
................÷....<..
(.............##........
#.............##..#÷....
..........#.<....)...


There were no monsters in sight!

Vanquished Creatures
  2 bats (D:1)
  An endoplasm (D:1)
  2 goblins (D:1)
  2 hobgoblins
  6 kobolds
  2 quokkas
  3 ball pythons
  6 frilled lizards
  3 rats
27 creatures vanquished.

Notes
Turn   | Place    | Note
-------+----------+-------------------------------------------
     0 | D:1      | Formlaus the Minotaur Berserker began the quest for the
                  | Orb.
     0 | D:1      | Reached XP level 1. HP: 19/19 MP: 0/0
   274 | D:1      | Found Kiacakimp's Antique Armour Shop.
   328 | D:1      | Found a faded altar of an unknown god.
   333 | D:1      | Reached XP level 2. HP: 21/27 MP: 1/1
  1302 | D:2      | Reached ** piety under Trog
  1518 | D:2      | HP: 1/28 [kobold/+2 dagger of venom (4)]
  1519 | D:2      | Succumbed to a kobold's poison

Illustrated notes

Levels and vault maps discovered:
D:1:      dpeg_arrival_tiny_a, layout_basic, ebering_ecumenical_altar_box,
          serial_shops, shop, minmay_misc_feat_four_crosses,
          minmay_parallelograms, corexii_hall_statues_l
D:2:      layout_rooms, basic_altar

Skill      XL: |  1  2 |
---------------+-------+-----
Fighting       | 4 |  4.3
Maces & Flails | 4 |  4.2
Armour         | |  2.5
Dodging        | |  2.3
Stealth        | |  0.1

Action                   || total
-------------------------++-------
Melee: Mace              ||    56
       Headbutt          ||     7
Armor: Animal skin       ||    13
Dodge: Dodged            ||    39

Table legend: (Time is in decaauts)
 A = Elapsed time spent in this place.
 B = Non-inter-level travel time spent in this place.
 C = Inter-level travel time spent in this place.
 D = Time resting spent in this place.
 E = Time spent auto-exploring this place.
 F = Levels seen in this place.
 G = Mean time per level.
                   A        B        C        D        E       F      G
               +--------+--------+--------+--------+--------+-----+--------+
         Total |   1529 |   1487 |     42 |    238 |    978 |   2 |  764.5 |
       Dungeon |   1529 |   1487 |     42 |    238 |    978 |   2 |  764.5 |
               +--------+--------+--------+--------+--------+-----+--------+

Top non-repeatable levels by time:
     D:1: 1230 daAuts
     D:2: 299 daAuts
